 Dungeon Crawl Stone Soup version 0.24-a0-67-ga78bd38 (webtiles) character file.

Game seed: 8587710407467547728

1316 galech the Chopper (level 8, -4/61 HPs)
             Began as a Demonspawn Fighter on Feb 5, 2019.
             Was an Initiate of Okawaru.
             Slain by Duvessa
             ... wielding a +0 short sword of venom
              (6 damage)
             ... on level 5 of the Dungeon.
             The game lasted 00:07:19 (5451 turns).

galech the Chopper (Demonspawn Fighter)             Turns: 5451, Time: 00:07:20

Health: -4/61      AC:  7    Str: 21    XL:     8   Next: 33%
Magic:  8/8        EV: 10    Int: 10    God:    Okawaru [......]
Gold:   252        SH: 10    Dex: 17    Spells: 7/7 levels left

rFire    + . .     SeeInvis .   a - +0 war axe
rCold    . . .     Gourm    .   c - +0 shield
rNeg     . . .     Faith    +   F - +0 leather armour {rPois}
rPois    +         Spirit   .   (no helmet)
rElec    .         Reflect  .   v - +0 cloak (curse)
rCorr    .         Harm     .   b - +0 pair of gloves
MR       .....                  E - +0 pair of boots
Stlth    ++........             y - amulet of faith
HPRegen  0.20/turn              k - ring of protection from fire
MPRegen  0.11/turn              (no ring)

@: mighty, lethally poisoned (-4 -> -11)
A: talons 1, thin skeletal structure 1, demonic guardian 1, powered by pain 1
a: Renounce Religion


You were on level 5 of the Dungeon.
You worshipped Okawaru.
Okawaru was noncommittal.
You were not hungry.

You visited 2 branches of the dungeon, and saw 9 of its levels.

You collected 252 gold pieces.

Inventory:

Hand Weapons
 a - a +0 war axe (weapon)
Armour
 b - a +0 pair of gloves (worn)
 c - a +0 shield (worn)
 i - a +1 ring mail of cold resistance
 o - a +0 chain mail
 v - a cursed +0 cloak (worn)
 E - a +0 pair of boots (worn)
 F - a +0 leather armour of poison resistance (worn)
Jewellery
 k - a ring of protection from fire (left hand)
 y - an amulet of faith (around neck)
Wands
 g - a wand of enslavement (7)
 B - a wand of flame (15)
Scrolls
 j - 4 scrolls of identify
 m - 2 scrolls of remove curse
 n - a scroll of fear {unknown}
 q - 2 scrolls of amnesia {unknown}
 r - a scroll of enchant armour
 x - 2 scrolls of magic mapping {unknown}
 A - a scroll of random uselessness {unknown}
 C - a scroll of fog {unknown}
 D - a scroll of immolation {unknown}
 H - a scroll of noise {unknown}
Potions
 e - 3 potions of brilliance {unknown}
 h - 2 potions of haste {unknown}
 p - 3 potions of heal wounds {unknown}
 s - 2 potions of ambrosia {unknown}
 t - 2 potions of agility
 u - a potion of lignification {unknown}
 w - a potion of mutation {unknown}
 z - a potion of degeneration {unknown}
 G - a potion of resistance {unknown}
 I - a potion of berserk rage {unknown}
 J - a potion of curing
Comestibles
 f - 14 rations


   Skills:
 + Level 4.8 Fighting
 + Level 6.4 Axes
 + Level 4.3 Armour
 + Level 2.2 Dodging
 + Level 2.0 Stealth
 + Level 4.3 Shields


You had 7 spell levels left.
You didn't know any spells.
Your spell library contained the following spells:

 Spells                   Type           Power        Failure   Level  Hunger
 Magic Dart               Conj           #...         87%         1    ##.....
 Blink                    Tloc           N/A          95%         2    ###....
 Call Imp                 Summ           #.......     95%         2    ###....
 Slow                     Hex            #.......     95%         2    ###....
 Conjure Flame            Conj/Fire      #.......     99%         3    ####...
 Mephitic Cloud           Conj/Pois/Air  #.......     99%         3    ####...


Dungeon Overview and Level Annotations

Branches:
Dungeon (8/15)             Temple (1/1) D:5
   Lair: D:8-11

Altars:
Cheibriados
Fedhas
Gozag
Kikubaaqudgha
Nemelex Xobeh
Okawaru
Qazlal
Sif Muna
Uskayaw
Xom
Yredelemnul
The Shining One

Shops:
D:5 *

Annotations:
D:3 3 runed translucent doors, Duffy's ghost, weakling DrTm
D:5 Duvessa


Innate Abilities, Weirdness & Mutations

You have sharp toenails.
You have a somewhat thin skeletal structure. (Dex +2, Stealth)
A weak demonic guardian rushes to your aid.
You sometimes gain a little power by taking damage.


Message History

Duvessa hits you with a +0 short sword of venom.
* * * LOW HITPOINT WARNING * * *
You block Duvessa's attack.
You barely miss Duvessa.
Duvessa is heavily wounded.
You feel sick. Duvessa hits you but does no damage.
You are more poisoned.
You block Duvessa's attack.
You miss Duvessa.
Duvessa is heavily wounded.
You feel sick.
Duvessa hits you with a +0 short sword of venom!
* * * LOW HITPOINT WARNING * * *
Your white imp hits Duvessa but does no damage.
You hit Duvessa.
Duvessa is heavily wounded.
* * * LOW HITPOINT WARNING * * *
You feel sick.
Duvessa hits you with a +0 short sword of venom.
You die...

######## ####.#.##### .......# #.
..#........... ######.#### #.#
....##.#.##### #........# ###.#
...# #...[## #.##...#.# #...#
...####.....#
#.##.#.#.###..?##...........##
#.##...#.#..........######.##
#.###.##.#.....e).# #.#
#........#.!..5@)# #.#
#####.######[.(### ##'## #.#
#...# ##...## ####.# ##.####
##.....## ##.##.# #(##.##
##.......##
##...#.#######.#...####.........#
......................'.......(.+
##...#.#.#####.#...####)......(.#
##.##.#.# #.##.## ##.....(.##


You could see Duvessa (berserk) and a friendly white imp.

Vanquished Creatures
  A hippogriff (D:3)
  Eustachio (D:5)
  An ogre (D:6)
  2 centaurs (D:5)
  A bullfrog (D:6)
  Dowan (D:5)
  2 scorpions
  A crimson imp (D:5)
  A bullfrog skeleton (D:6)
  An orc priest (D:5)
  Ijyb (D:4)
  2 iguanas
  An orc wizard (D:5)
  3 worker ants
  A gnoll (D:1)
  10 adders
  3 shadow imps
  2 oozes
  An adder skeleton (D:6)
  A worm (D:2)
  2 dart slugs
  6 leopard geckos
  9 orcs
  A ball python (D:3)
  5 bats
  13 giant cockroaches
  18 goblins
  15 hobgoblins
  13 jackals
  7 kobolds
  A frilled lizard (D:2)
  A leopard gecko skeleton (D:3)
  A leopard gecko zombie (D:6)
  2 quokka zombies
  9 rats
140 creatures vanquished.

Vanquished Creatures (collateral kills)
  An orc wizard (D:5)
  A worker ant (D:7)
  An orc (D:5)
3 creatures vanquished.

Vanquished Creatures (others)
  An orc wizard (D:5)
1 creature vanquished.

Grand Total: 144 creatures vanquished

Notes
Turn   | Place    | Note
-------+----------+-------------------------------------------
     0 | D:1      | galech the Demonspawn Fighter began the quest for the Orb.
     0 | D:1      | Reached XP level 1. HP: 18/18 MP: 1/1
    65 | D:1      | Gained mutation: You have sharp toenails. [demonic
                  | ancestry]
    65 | D:1      | Reached XP level 2. HP: 11/24 MP: 2/2
   254 | D:1      | Reached skill level 2 in Axes
   441 | D:1      | Reached XP level 3. HP: 24/29 MP: 3/3
   921 | D:2      | Reached XP level 4. HP: 36/36 MP: 4/4
  1137 | D:2      | Reached skill level 3 in Axes
  1326 | D:2      | Found a blossoming altar of Fedhas.
  1496 | D:2      | Gained mutation: You have a somewhat thin skeletal
                  | structure. (Dex +2, Stealth) [demonic ancestry]
  1496 | D:2      | Reached XP level 5. HP: 38/42 MP: 5/5
  2156 | D:3      | Found a runed translucent gate.
  2156 | D:3      | Found a runed translucent gate.
  2157 | D:3      | Found a runed translucent gate.
  2158 | D:3      | Found an opulent altar of Gozag.
  2158 | D:3      | Noticed a hippogriff
  2159 | D:3      | Noticed Duffy's ghost (weakling DrTm)
  2168 | D:3      | Noticed a hippogriff
  2178 | D:3      | Killed a hippogriff
  2178 | D:3      | Reached skill level 4 in Axes
  2178 | D:3      | Reached skill level 1 in Dodging
  2178 | D:3      | Reached skill level 1 in Stealth
  2178 | D:3      | Reached XP level 6. HP: 33/48 MP: 6/6
  3252 | D:4      | Noticed Ijyb
  3265 | D:4      | Killed Ijyb
  3445 | D:5      | Entered Level 5 of the Dungeon
  3686 | D:5      | Noticed Eustachio
  3691 | D:5      | Gained mutation: A weak demonic guardian rushes to your
                  | aid. [demonic ancestry]
  3691 | D:5      | Reached XP level 7. HP: 54/54 MP: 7/7
  3714 | D:5      | Killed Eustachio
  3842 | D:5      | Found a glowing golden altar of the Shining One.
  3890 | D:5      | Found Vuulyczo's General Store.
  3894 | D:5      | Reached skill level 5 in Axes
  4099 | D:5      | You fall through a shaft for 3 floors!
  4366 | D:6      | Gained mutation: You sometimes gain a little power by
                  | taking damage. [demonic ancestry]
  4366 | D:6      | Reached XP level 8. HP: 57/61 MP: 8/8
  4424 | D:6      | Reached skill level 6 in Axes
  4599 | D:5      | Found a deep blue altar of Sif Muna.
  4812 | D:5      | Found a staircase to the Ecumenical Temple.
  4821 | Temple   | Entered the Ecumenical Temple
  4847 | Temple   | Became a worshipper of Warmaster Okawaru
  5436 | D:5      | Noticed Duvessa
  5436 | D:5      | Noticed Dowan
  5444 | D:5      | Killed Dowan
  5450 | D:5      | HP: 2/61 [Duvessa/+0 short sword of venom (13)]
  5451 | D:5      | Slain by Duvessa

Vault maps used:
D:1:      dpeg_arrival_water_temple_mockup, minmay_misc_feat_alley,
          palyth_stone_intersect, minmay_distorted
D:2:      minmay_razor_zed, fedhas_ov_isle_minmay
D:3:      ebering_ghost_gozag, first_ration
D:4:      kennysheep_goblin_castle, grunt_ministairs_3
D:5:      nicolae_overflow_hidden_temple, makhleb_blood_cavern_becter,
          marbit_many_paths, temple_statues, serial_shops, shop, uniq_duvessa,
          uniq_eustachio
D:6:      lemuel_coloured_pillars_altar
D:7:      grunt_ogre_cave, grunt_ministairs_2
D:8:      gammafunk_temple_overflow_wave
Temple:   nicolae_temple_elliptical

Skill      XL: |  1  2  3  4  5  6  7  8 |
---------------+-------------------------+-----
Axes           | 2 3 4 5 6 |  6.4
Armour         | 3 4 |  4.3
Shields        | 3 4 |  4.3
Dodging        | 1 2 |  2.2
Stealth        | 1 2 |  2.0
Fighting       | 4 |  4.8

Action                   |  1- 3 |  4- 6 |  7- 9 || total
-------------------------+-------+-------+-------++-------
Melee: War axe           |    96 |   207 |   155 ||   458
       Kick              |    17 |    44 |       ||    61
  Use: Scroll            |       |       |     4 ||     4
       Potion            |       |       |     1 ||     1
 Stab: Sleeping          |       |     5 |     3 ||     8
       Distracted        |       |       |     2 ||     2
  Eat: Chunk             |       |     9 |     6 ||    15
Armor: Scale mail        |    25 |       |       ||    25
       Ring mail         |    12 |   106 |    60 ||   178
       Leather armour    |       |       |     2 ||     2
Dodge: Dodged            |    29 |    93 |    60 ||   182
Block: Shield            |    39 |   115 |    89 ||   243

Table legend:
 A = Non-vault XP
 B = Vault XP
 C = Vault XP percentage of total XP
 D = Non-vault monster count
 E = Vault monster count
 F = Vault count percentage of total count
                 A         B        C        D         E       F
            +---------+---------+-------+---------+---------+-------
      Total |    1484 |     396 |  21.1 |     119 |      25 |  17.4
            +---------+---------+-------+---------+---------+-------
        D:1 |      63 |       9 |  12.5 |      25 |       4 |  13.8
        D:2 |     101 |      32 |  24.1 |      23 |       6 |  20.7
        D:3 |     309 |       0 |   0.0 |      30 |       0 |   0.0
        D:4 |      93 |      55 |  37.2 |       4 |      11 |  73.3
        D:5 |     436 |     261 |  37.4 |      23 |       2 |   8.0
        D:6 |     396 |       0 |   0.0 |      10 |       0 |   0.0
        D:7 |      64 |      39 |  37.9 |       2 |       2 |  50.0
        D:8 |      22 |       0 |   0.0 |       2 |       0 |   0.0
            +---------+---------+-------+---------+---------+-------
